 Dungeon Crawl Stone Soup version 0.23-a0-183-gf37f6fb (webtiles) character file.

149 digijack the Skirmisher (level 5, -10/42 HPs)
             Began as a Demonspawn Fighter on Sept 23, 2018.
             Mangled by an ancient zyme (12 damage)
             ... while paralysed by a lich
             ... on level 1 of the Abyss.
             The game lasted 00:15:46 (2860 turns).

digijack the Skirmisher (Demonspawn Fighter)        Turns: 2860, Time: 00:15:46

Health: -10/42     AC:  6    Str: 17    XL:     5   Next: 9%
Magic:  5/5        EV:  2    Int: 10    God:
Gold:   228        SH:  0    Dex: 12    Spells: 4/4 levels left

rFire    + . .     SeeInvis .   a - +0 war axe
rCold    . . .     Gourm    .   c - +1 shield
rNeg     . . .     Faith    .   b - +0 scale mail
rPois    .         Spirit   .   (helmet restricted)
rElec    .         Reflect  .   (no cloak)
rCorr    .         Harm     .   (no gloves)
MR       .....                  (no boots)
Stlth    ..........             (no amulet)
HPRegen  0.00/turn              (no ring)
MPRegen  0.09/turn              (no ring)

@: paralysed, non-regenerating, badly diseased
A: horns 1, fire resistance 1, powered by death 1, flame cloud immunity
a: no special abilities


You were on level 1 of the Abyss.
You were not hungry.

You visited 1 branch of the dungeon, and saw 3 of its levels.
You visited the Abyss 1 time.

You collected 228 gold pieces.

Inventory:

Hand Weapons
 a - a +0 war axe (weapon)
Missiles
 g - 2 tomahawks (quivered)
 h - 70 stones
Armour
 b - a +0 scale mail (worn)
 c - a +1 shield (worn)
Wands
 n - a wand of enslavement (9)
Scrolls
 e - 3 scrolls of remove curse
 j - a scroll of blinking
 k - 2 scrolls of identify
 l - a scroll of magic mapping
Potions
 d - a potion of might
 i - a potion of resistance
Comestibles
 f - 6 rations


   Skills:
 + Level 3.8 Fighting
 + Level 2.8 Axes
 + Level 3.5 Armour
 + Level 3.5 Shields


You had 4 spell levels left.
You didn't know any spells.
Your spell library was empty.

Dungeon Overview and Level Annotations

Branches:
Dungeon (3/15)

Altars:


Innate Abilities, Weirdness & Mutations

You have a pair of small horns on your head.
Your flesh is heat resistant. (rF+)
You regenerate a little health from kills.
You are immune to clouds of flame.


Message History

The ancient zyme is moderately damaged.
The ancient zyme hits you! You block the ancient zyme's attack. x2
The ancient zyme barely misses you.
All of the chunks of flesh in your inventory have rotted away.
You see here 15 gold pieces.
You now have 228 gold pieces (gained 15).
The ancient zyme hits you but does no damage.
You block the ancient zyme's attack.
Found 27 gold pieces.
A lich comes into view.
The lich shouts!
You feel ill. The ancient zyme hits you!
* * * LOW HITPOINT WARNING * * *
The ancient zyme hits you.
* * * LOW HITPOINT WARNING * * *
The lich gestures at you while chanting.
You suddenly lose the ability to move!
The ancient zyme hits you!
You die...

.##.# ... .)#.##
##... . .. .. ##.. .#
.. . .## ##...# ###L#
.. . #....###.#.#
.#....####.......#..#
.# ...
#.##..........#
..#..###..##......# #
.. . #.....
.#.#@##..# . ..#
.....##.x..$.#
.............#..### .
##. #.##.#..###.# .##
########### ### . ..#
. .## . .. ..


You could see a lich and an ancient zyme.

Vanquished Creatures
  An iguana (D:2)
  3 gnolls (D:3)
  2 adders (D:3)
  An ooze (D:2)
  A worm (D:2)
  2 dart slugs (D:1)
  An orc (D:2)
  7 bats
  3 giant cockroaches
  8 goblins
  5 hobgoblins
  10 jackals
  A ball python (D:1)
  5 frilled lizards
  8 kobolds
  5 rats
63 creatures vanquished.

Notes
Turn   | Place    | Note
-------+----------+-------------------------------------------
     0 | D:1      | digijack the Demonspawn Fighter began the quest for the
                  | Orb.
     0 | D:1      | Reached XP level 1. HP: 18/18 MP: 1/1
   175 | D:1      | Gained mutation: Your flesh is heat resistant. (rF+)
                  | [demonic ancestry]
   175 | D:1      | Reached XP level 2. HP: 24/24 MP: 2/2
   696 | D:1      | Gained mutation: You have a pair of small horns on your
                  | head. [demonic ancestry]
   696 | D:1      | Reached XP level 3. HP: 22/29 MP: 3/3
  1723 | D:2      | Gained mutation: You are immune to clouds of flame.
                  | [demonic ancestry]
  1723 | D:2      | Reached XP level 4. HP: 22/36 MP: 4/4
  2375 | D:3      | Gained mutation: You regenerate a little health from kills.
                  | [demonic ancestry]
  2375 | D:3      | Reached XP level 5. HP: 21/42 MP: 5/5
  2792 | D:3      | Cast into level 1 of the Abyss (orc wizard)
  2803 | Abyss:1  | Noticed an ancient zyme
  2857 | Abyss:1  | Noticed a lich
  2859 | Abyss:1  | HP: 2/42 [ancient zyme (4)]
  2859 | Abyss:1  | Paralysed by a lich for 7 turns
  2860 | Abyss:1  | Mangled by an ancient zyme

Vault maps used:
D:1:      dpeg_arrival_renting, serial_bayou_crossing
Abyss:1:  minivault_19

Skill      XL: |  1  2 |
---------------+-------+-----
Axes           | 2 |  2.8
Armour         | 3 |  3.5
Shields        | 3 |  3.5
Fighting       | |  3.8

Action                   |  1- 3 |  4- 6 || total
-------------------------+-------+-------++-------
Melee: War axe           |   113 |    56 ||   169
       Headbutt          |     4 |     6 ||    10
Evoke: Wand              |       |     1 ||     1
  Use: Scroll            |     5 |     3 ||     8
       Potion            |       |     1 ||     1
  Eat: Chunk             |     3 |     3 ||     6
Armor: Scale mail        |    63 |    35 ||    98
Dodge: Dodged            |    41 |    17 ||    58
Block: Shield            |    74 |    56 ||   130

Table legend:
 A = Non-vault XP
 B = Vault XP
 C = Vault XP percentage of total XP
 D = Non-vault monster count
 E = Vault monster count
 F = Vault count percentage of total count
                 A         B        C        D         E       F
            +---------+---------+-------+---------+---------+-------
      Total |     213 |       0 |   0.0 |      63 |       0 |   0.0
            +---------+---------+-------+---------+---------+-------
        D:1 |      46 |       0 |   0.0 |      28 |       0 |   0.0
        D:2 |      83 |       0 |   0.0 |      22 |       0 |   0.0
        D:3 |      84 |       0 |   0.0 |      13 |       0 |   0.0
            +---------+---------+-------+---------+---------+-------
